Map: 乌雷纳

Players

HODOR

  • Race: Zerg Zerg
  • League: Master

Inkrusion - Winner!

  • Race: Protoss Protoss
  • League: Master

VOD

Have the link to the VOD?

Description

Time

  • Played on: Jan. 26, 2016, 2:46 p.m.
  • Length: 7:34
Show
View Real Time Build Order
Export as new Build Order

HODOR Zerg 

Build Orders: Pool First 

Get SALT Encoding   

  12  0:06  Drone  
  13  0:22  Spawning Pool  
  13  0:25  Drone  
  13  0:28  Extractor  
  13  0:33  Drone  
  13  0:43  Drone  
  13  0:48  Overlord  
  14  1:10  Zergling x6  
  17  1:15  Queen  
  19  1:21  Drone  
  20  1:32  Metabolic Boost  
  20  1:33  Drone  
  21  1:42  Drone  
  21  2:12  Drone  
  22  2:23  Hatchery  
  22  2:26  Queen  
  22  2:27  Evolution Chamber  
  22  2:31  Overlord  
  22  2:40  Drone  
  22  2:45  Overlord  
  22  2:55  Zerg Ground Armor Level 1  
  22  3:03  Drone x2  
  22  3:04  Drone  
  25  3:16  Drone x3  
  28  3:26  Queen  
  30  3:32  Zergling x2  
  30  3:33  Zergling x2  
  32  3:42  Zergling x4  
  32  3:48  Spore Crawler  
  26  3:56  Overlord  
  24  4:10  Zergling x12  
  24  4:16  Queen  
  32  4:25  Zergling x4  
  31  4:37  Zergling x4  
  31  4:38  Zergling x2  
  31  4:45  Roach Warren  
  30  4:58  Drone x3  
  32  5:08  Lair  
  31  5:23  Hatchery  
  30  5:30  Zerg Missile Weapons Level 1  
  30  5:43  Overlord  
  30  5:53  Spore Crawler  
  29  5:58  Spore Crawler  
  29  5:59  Spine Crawler  
  29  6:03  Roach x2  
  31  6:05  Roach  
  31  6:11  Roach  
  35  6:17  Roach  
  37  6:22  Roach  
  38  6:39  Roach x3  
  43  6:53  Roach  
  40  7:04  Roach  
Show
View Real Time Build Order
Export as new Build Order

Inkrusion Protoss - Winner!

Build Orders:  

Get SALT Encoding   

  12  0:01  Probe (Chrono Boost)  
  13  0:11  Probe (Chrono Boost)  
  14  0:18  Pylon  
  14  0:22  Probe (Chrono Boost)  
  15  0:36  Probe (Chrono Boost)  
  15  0:39  Gateway  
  16  0:49  Assimilator  
  16  0:51  Probe (Chrono Boost)  
  17  1:01  Probe (Chrono Boost)  
  18  1:10  Gateway  
  18  1:12  Probe (Chrono Boost)  
  19  1:22  Probe (Chrono Boost)  
  20  1:26  Zealot (Chrono Boost)  
  20  1:31  Cybernetics Core  
  22  1:36  Assimilator  
  22  1:44  Pylon  
  22  1:47  Probe  
  25  2:09  Warp Gate  
  25  2:11  Mothership Core (Chrono Boost)  
  27  2:16  Adept  
  27  2:29  Adept  
  29  2:30  Probe (Chrono Boost)  
  30  2:42  Probe (Chrono Boost)  
  30  2:43  Robotics Facility  
  31  2:57  Pylon  
  31  3:06  Gateway  
  31  3:07  Gateway  
  31  3:24  Pylon  
  31  3:27  Adept x2  
  35  3:44  Immortal (Chrono Boost)  
  39  4:07  Probe  
  40  4:16  Adept x2  
  44  4:24  Pylon  
  46  4:32  Immortal (Chrono Boost)  
  46  4:51  Probe  
  47  4:52  Stargate  
  37  5:04  Adept x4  
  41  5:15  Warp Prism (Chrono Boost)  
  43  5:25  Sentry x3  
  49  5:51  Immortal (Chrono Boost)  
  49  5:53  Zealot  
  55  5:58  Pylon  
  55  6:08  Pylon  
  55  6:19  Adept x4  
  61  6:57  Adept  
  61  6:58  Stalker  
  61  7:04  Pylon  
  61  7:08  Stalker x2  
  53  7:22  Stalker x2  
Tags
 
Add a new tag
Caveats
  • Supply blocks, unpowered buildings, or Contaminate may cause inaccurate times.
  • Supply counts are checked every 10 seconds.